Map: Templo óseo EE

Players

MrFercho

  • Race: Zerg Zerg
  • League: Silver
  • Spawn Location: 7:00

TATORREA

  • Race: Protoss Protoss
  • League: Silver
  • Spawn Location: 6:00

tigro

  • Race: Terran Terran
  • League: Bronze
  • Spawn Location: 7:00

PandaKun

  • Race: Zerg Zerg
  • Spawn Location: 3:00

pheonix

  • Race: Protoss Protoss
  • Spawn Location: 1:00

jason

  • Race: Protoss Protoss
  • Spawn Location: 12:00

VOD

Have the link to the VOD?

Description

Time

  • Played on: June 12, 2020, 8:07 p.m.
  • Length: 14:19
Show
View Real Time Build Order
Export as new Build Order

MrFercho Zerg 

Build Orders: Hatch First 

Get SALT Encoding   

  12  0:01  Drone  
  13  0:15  Overlord  
  13  0:17  Drone  
  14  0:34  Drone x2  
  16  0:38  Drone  
  17  1:06  Drone x2  
  17  1:07  Hatchery  
  17  1:10  Drone  
  19  1:21  Spawning Pool  
  19  1:23  Drone  
  19  1:29  Extractor  
  18  1:32  Drone  
  19  1:42  Drone  
  20  2:01  Drone  
  20  2:05  Drone  
  22  2:14  Overlord  
  22  2:18  Queen  
  22  2:19  Queen, Drone  
  27  2:25  Drone  
  28  2:32  Overlord  
  28  3:04  Drone  
  28  3:05  Drone x5  
  33  3:11  Lair  
  34  3:16  Drone x2  
  36  3:30  Extractor  
  36  3:31  Extractor  
  36  3:32  Roach Warren  
  37  3:55  Drone x8  
  37  3:56  Drone  
  42  4:08  Hatchery  
  41  4:20  Roach  
  41  4:22  Overlord x3  
  41  4:23  Overlord  
  43  4:30  Overseer  
  43  4:43  Overseer  
  43  4:59  Roach  
  55  5:00  Roach x10  
  55  5:03  Roach  
  67  5:31  Glial Reconstitution  
  67  6:00  Drone x5  
  67  6:01  Drone x2  
  74  6:31  Drone x3  
  74  6:32  Drone x5  
  82  6:34  Hatchery  
  82  6:36  Extractor  
  82  6:38  Extractor  
  79  7:03  Roach  
  79  7:05  Overlord x3  
  79  7:06  Overlord x2  
  81  7:41  Extractor, Evolution Chamber  
  80  7:44  Drone x10  
  80  7:45  Drone x6  
  95  7:54  Extractor  
  95  7:55  Hatchery  
  95  7:56  Extractor x2  
  95  7:58  Hatchery  
  90  8:00  Spine Crawler  
  90  8:02  Spine Crawler  
  90  8:05  Extractor, Spine Crawler  
  86  8:06  Spine Crawler  
  86  8:10  Spore Crawler x2  
  83  8:18  Spore Crawler  
  83  8:19  Spore Crawler  
  81  8:23  Spore Crawler x2  
  75  9:15  Hatchery, Spire  
  73  9:21  Infestation Pit  
  73  9:23  Zerg Missile Weapons Level 1  
  72  9:33  Hydralisk Den  
  71  10:11  Hatchery  
  70  10:24  Hydralisk  
  70  10:25  Hydralisk x8  
  78  10:39  Overlord, Drone x5  
  69  11:01  Spore Crawler x2  
  69  11:02  Spore Crawler  
  69  11:04  Spine Crawler  
  65  11:08  Hydralisk x4  
  65  11:09  Spine Crawler, Hydralisk x13  
  98  11:11  Spine Crawler  
  97  12:06  Nydus Network  
  96  12:11  Muscular Augments  
  96  12:21  Evolution Chamber  
  96  12:22  Overseer  
  95  12:27  Drone x10  
  95  12:28  Drone x2  
  107  12:30  Drone  
  107  12:31  Drone x2  
  107  12:33  Queen  
  112  13:03  Nydus Canal  
  112  13:12  Hydralisk  
  112  13:13  Hydralisk x2  
  112  13:15  Overlord x4  
  112  13:16  Overlord x2  
  114  13:47  Extractor  
  105  13:49  Hydralisk  
  105  13:50  Extractor, Hydralisk x20  
  105  13:51  Hydralisk  
Show
View Real Time Build Order
Export as new Build Order

TATORREA Protoss 

Build Orders:  

Get SALT Encoding   

  12  0:01  Probe  
  13  0:20  Pylon  
  13  0:24  Probe  
  14  0:36  Probe  
  15  0:48  Probe  
  16  1:00  Gateway  
  16  1:01  Gateway  
  16  1:04  Probe  
  17  1:13  Assimilator  
  17  1:18  Probe  
  18  1:19  Pylon  
  18  1:30  Probe  
  19  1:44  Probe  
  20  1:50  Assimilator  
  20  1:52  Zealot  
  20  1:53  Zealot  
  24  1:56  Probe  
  24  2:01  Forge  
  25  2:05  Cybernetics Core  
  25  2:08  Probe  
  26  2:21  Zealot  
  26  2:22  Zealot  
  30  2:25  Probe  
  31  3:20  Nexus  
  31  3:22  Pylon  
  31  3:25  Pylon  
  31  3:32  Pylon  
  31  3:40  Stalker x2  
  35  4:00  Probe  
  36  4:12  Probe  
  37  4:24  Probe  
  38  4:36  Probe  
  39  4:48  Probe  
  34  4:53  Warp Gate  
  32  5:00  Stalker x2  
  36  5:13  Probe x2  
  38  5:18  Protoss Ground Weapons Level 1  
  38  5:24  Pylon  
  38  5:25  Probe x2  
  38  5:27  Pylon  
  40  5:31  Pylon  
  40  5:37  Gateway, Probe x2  
  40  5:39  Gateway  
  40  5:41  Gateway  
  42  5:43  Gateway  
  42  5:46  Twilight Council  
  42  5:49  Robotics Facility, Probe x2  
  44  5:55  Assimilator  
  44  5:58  Stalker, Assimilator  
  44  6:01  Probe x2, Zealot  
  50  6:13  Probe x2  
  52  6:25  Probe x2  
  52  6:26  Charge  
  54  6:39  Immortal  
  58  6:45  Zealot x2  
  58  6:46  Zealot  
  64  6:48  Zealot  
  64  6:51  Stalker x2  
  70  7:10  Probe  
  70  7:11  Probe  
  72  7:18  Immortal  
  76  7:29  Photon Cannon  
  76  7:32  Photon Cannon  
  76  7:34  Zealot  
  76  7:35  Photon Cannon, Protoss Ground Weapons Level 2, Zealot  
  76  7:36  Zealot x2  
  84  7:40  Stalker  
  84  7:41  Stalker  
  88  8:00  Gateway  
  88  8:03  Pylon  
  88  8:04  Gateway  
  88  8:10  Pylon  
  88  8:58  Stalker  
  88  8:59  Stalker x3  
  88  9:00  Stalker x3  
  102  9:09  Zealot  
  104  9:12  Immortal  
  108  9:27  Probe  
  108  9:28  Probe  
  110  9:35  Nexus  
  110  10:06  Pylon, Probe x2  
  108  10:09  Pylon  
  108  10:13  Pylon  
  82  10:17  Pylon  
  82  10:18  Probe x2  
  82  10:20  Pylon  
  62  10:28  Pylon  
  62  10:30  Probe x2  
  62  10:32  Stalker x3  
  62  10:33  Stalker x5  
  68  10:43  Probe x2  
  68  11:04  Photon Cannon  
  68  11:06  Zealot x2  
  68  11:07  Zealot x4  
  68  11:08  Zealot x2  
  59  11:30  Stalker  
  59  11:31  Stalker x4  
  59  11:32  Stalker x2  
  60  11:46  Stalker  
  62  12:03  Probe x2  
  64  12:15  Probe x2  
  66  12:18  Stalker x2  
  66  12:20  Stalker  
  66  12:21  Stalker  
  74  12:23  Zealot  
  74  12:24  Zealot  
  74  12:27  Probe x2  
  80  12:36  Zealot x2  
  84  12:39  Probe x2  
  86  12:51  Probe x2  
  88  13:12  Zealot x3  
  90  13:13  Zealot x3  
  90  13:14  Zealot  
  78  13:20  Assimilator  
  74  13:26  Assimilator  
Show
View Real Time Build Order
Export as new Build Order

tigro Terran 

Build Orders:  

Get SALT Encoding   

  12  0:02  SCV  
  13  0:14  SCV  
  14  0:26  SCV  
  14  0:27  Supply Depot  
  15  0:35  Refinery  
  15  0:49  SCV  
  16  0:53  Refinery  
  16  0:58  Barracks  
  16  1:05  SCV  
  17  1:17  SCV  
  18  1:20  Supply Depot  
  18  1:29  SCV  
  19  1:41  SCV  
  19  1:46  Marine  
  21  1:53  SCV  
  22  2:01  Barracks  
  22  2:04  Marine  
  24  2:14  SCV  
  24  2:22  Marine  
  25  2:23  Engineering Bay  
  25  2:39  Marine  
  26  2:52  Factory  
  26  2:57  Marine  
  27  2:59  Barracks Tech Lab  
  27  3:15  Terran Infantry Weapons Level 1  
  27  3:22  Command Center  
  27  3:40  Orbital Command  
  27  3:46  Factory Tech Lab  
  27  4:04  Barracks Tech Lab, Starport  
  27  4:15  Marine  
  28  4:33  Marine  
  29  4:41  Missile Turret  
  29  4:50  Marine  
  30  5:03  Missile Turret  
  30  5:08  Marine  
  30  5:09  Terran Infantry Armor Level 1  
  31  5:26  Marine  
  32  5:31  Missile Turret  
  32  5:40  Refinery  
  32  5:41  Refinery  
  32  5:44  SCV  
  33  5:56  SCV  
  34  6:08  SCV  
  35  6:20  SCV  
  28  6:33  SCV  
  27  6:43  Medivac  
  29  6:48  Combat Shield  
  29  6:49  Stimpack  
  29  6:55  Marine x2  
  29  7:00  Siege Tank  
  34  7:03  Hi-Sec Auto Tracking  
  34  7:13  Medivac, Marine x2  
  38  7:18  Fusion Core  
  38  7:29  SCV  
  39  7:30  Marine  
  39  7:31  Marine  
  39  7:32  Siege Tank  
  44  7:41  SCV  
  45  7:48  Marine x2  
  47  7:53  SCV  
  48  8:05  SCV  
  49  8:06  Armory, Marine x2, Concussive Shells  
  51  8:17  SCV  
  52  8:34  Starport Tech Lab  
  52  8:37  Weapon Refit  
  52  9:03  Battlecruiser  
  58  9:11  Marine x2  
  60  9:29  Marine x2  
  62  9:57  Command Center  
  62  10:15  Missile Turret  
  62  10:17  Rapid Reignition System  
  62  10:37  Supply Depot, Missile Turret  
  62  10:51  Starport  
  62  10:58  Marine, Missile Turret  
  62  10:59  Terran Infantry Weapons Level 2, Marine, Battlecruiser  
  62  11:01  Supply Depot  
  70  11:13  Advanced Ballistics  
  70  11:16  Marine x2  
  72  11:22  Missile Turret  
  66  11:34  Marine x2  
  50  11:52  Marine x2  
  52  11:55  Missile Turret  
  52  12:02  Planetary Fortress  
  52  12:03  Battlecruiser  
  58  12:09  Refinery  
  58  12:10  Marine x2  
  60  12:18  Missile Turret  
  60  12:37  Starport Tech Lab  
  60  12:41  Missile Turret  
  60  12:50  Thor  
  66  13:03  Missile Turret  
  66  13:05  Medivac  
  66  13:07  Medivac  
  66  13:09  Refinery  
  61  13:32  Thor  
  59  13:57  Marine x2  
Show
View Real Time Build Order
Export as new Build Order

PandaKun Zerg 

Build Orders: Hatch First, Brood Lord Corruptor 

Get SALT Encoding   

  12  0:01  Drone  
  13  0:12  Overlord  
  13  0:18  Drone  
  14  0:34  Drone x2  
  16  0:53  Drone  
  17  0:57  Drone  
  17  1:02  Drone  
  19  1:04  Hatchery  
  18  1:13  Overlord  
  18  1:16  Extractor  
  17  1:23  Spawning Pool  
  16  1:26  Drone  
  17  1:40  Drone  
  17  1:41  Drone  
  19  1:54  Drone  
  20  2:10  Hatchery  
  20  2:12  Queen  
  20  2:15  Drone x2  
  23  2:25  Queen  
  23  2:27  Drone  
  26  2:30  Drone  
  27  2:39  Metabolic Boost  
  27  2:42  Drone  
  28  2:52  Zergling x4  
  28  2:53  Zergling x2  
  28  2:54  Drone  
  32  3:05  Drone  
  33  3:18  Drone x2  
  35  3:25  Queen  
  35  3:26  Drone  
  38  3:29  Lair  
  38  3:34  Drone x4  
  42  3:47  Overlord x3  
  42  4:06  Drone x3  
  42  4:09  Zergling x2, Hatchery  
  46  4:10  Zergling x8  
  49  4:21  Zergling x8  
  53  4:33  Evolution Chamber  
  49  4:55  Zergling x2  
  49  4:57  Drone  
  49  4:58  Drone x6  
  56  5:00  Extractor  
  56  5:03  Extractor  
  56  5:06  Extractor  
  53  5:09  Zergling x4, Spire  
  53  5:10  Zergling x14  
  53  5:11  Zergling x6  
  64  5:21  Overlord x2  
  64  5:26  Extractor  
  63  5:34  Overlord x3  
  63  5:45  Zerg Ground Armor Level 1  
  63  6:08  Queen  
  65  6:14  Drone x4  
  65  6:15  Drone x5  
  74  6:22  Zergling x14  
  74  6:23  Zergling x4  
  83  6:42  Drone  
  84  7:04  Drone x3  
  84  7:06  Extractor, Overlord  
  84  7:07  Extractor, Overlord x3  
  85  7:09  Drone x2  
  87  7:16  Mutalisk  
  87  7:17  Mutalisk x7  
  103  7:33  Queen  
  105  7:39  Drone x5  
  105  7:40  Drone x2  
  112  7:53  Corruptor x5  
  112  7:55  Overlord  
  122  8:05  Overlord x2  
  122  8:06  Overlord  
  122  8:07  Hatchery  
  122  8:08  Mutalisk x2  
  122  8:10  Zergling x10  
  122  8:11  Zergling x2  
  131  8:37  Drone x2, Infestation Pit  
  132  8:51  Zergling x8  
  132  8:52  Zergling x18  
  144  8:57  Zerg Ground Armor Level 2  
  144  9:00  Zerg Flyer Armor Level 1  
  144  9:12  Mutalisk  
  144  9:13  Mutalisk x5  
  156  9:31  Hive  
  156  9:40  Extractor  
  156  9:41  Drone x3  
  149  10:12  Zergling x6  
  149  10:13  Zergling x42  
  152  10:24  Zergling x4  
  152  10:25  Zergling x4  
  137  10:39  Corruptor x3  
  137  10:40  Corruptor x2  
  145  10:46  Zergling x2  
  145  10:47  Zergling x4  
  144  10:51  Queen  
  145  10:57  Zergling x2  
  145  10:58  Zergling x14  
  151  11:06  Greater Spire  
  142  11:29  Zergling x26  
  142  11:30  Zergling x8  
  134  11:46  Mutalisk x9  
  147  12:01  Evolution Chamber  
  147  12:03  Spire  
  147  12:06  Drone x4  
  149  12:18  Overlord x5  
  149  12:28  Brood Lord x2  
  149  12:29  Brood Lord x5  
  163  12:32  Overlord  
  163  12:47  Mutalisk  
  163  12:48  Corruptor x3  
  171  12:57  Zergling x8  
  171  12:58  Zergling x12  
  180  13:04  Brood Lord  
  170  13:25  Zergling x12  
  170  13:26  Zergling x24  
  185  13:39  Zergling x6  
  185  13:40  Zergling x16  
  181  13:42  Zergling x2  
  167  13:59  Zergling x2  
  167  14:00  Zergling x14  
Show
View Real Time Build Order
Export as new Build Order

pheonix Protoss 

Build Orders:  

Get SALT Encoding   

  12  0:09  Probe  
  13  0:18  Assimilator  
  13  0:21  Probe  
  14  0:53  Pylon  
  14  1:03  Pylon  
  14  1:13  Gateway  
  14  1:18  Probe  
  15  1:30  Probe  
  15  1:31  Assimilator  
  16  1:42  Probe  
  17  1:52  Forge  
  17  1:54  Probe  
  17  1:58  Gateway  
  18  2:06  Pylon, Probe  
  19  2:15  Cybernetics Core  
  19  2:23  Pylon  
  19  2:36  Photon Cannon  
  19  2:40  Photon Cannon  
  19  2:48  Probe  
  20  3:00  Probe  
  21  3:13  Probe  
  22  3:25  Probe  
  23  3:36  Nexus  
  23  3:37  Probe  
  24  3:49  Probe  
  24  3:54  Photon Cannon  
  25  3:57  Stalker  
  27  4:05  Probe  
  28  4:18  Probe  
  29  4:32  Photon Cannon  
  29  4:36  Photon Cannon  
  29  4:39  Stalker  
  31  4:49  Probe  
  32  5:01  Probe  
  33  5:13  Probe  
  34  5:16  Pylon  
  34  5:25  Probe  
  35  5:30  Stalker  
  37  5:39  Probe  
  38  5:46  Probe  
  39  5:51  Probe  
  40  5:58  Probe  
  40  6:00  Stalker  
  40  6:02  Stalker  
  40  6:03  Probe  
  46  6:10  Probe  
  47  6:12  Photon Cannon  
  47  6:30  Stalker  
  49  6:34  Nexus  
  49  6:40  Probe  
  49  6:46  Probe  
  51  6:52  Probe  
  52  6:58  Probe  
  52  7:00  Stalker  
  55  7:04  Probe  
  55  7:05  Assimilator  
  56  7:10  Probe  
  57  7:16  Pylon, Probe  
  57  7:22  Pylon  
  58  7:23  Probe  
  58  7:26  Stalker  
  58  7:28  Probe  
  62  7:30  Stalker  
  64  7:40  Probe  
  65  7:46  Shield Battery  
  65  7:47  Probe  
  66  7:52  Probe  
  66  7:55  Probe  
  66  7:56  Stalker  
  70  7:59  Probe  
  70  8:04  Probe  
  72  8:07  Probe  
  72  8:09  Twilight Council  
  72  8:12  Probe  
  74  8:19  Probe  
  75  8:20  Robotics Facility  
  75  8:24  Probe  
  75  8:26  Stalker, Robotics Facility  
  78  8:31  Probe  
  79  8:34  Stalker  
  79  8:36  Probe  
  82  8:43  Probe  
  82  8:48  Probe  
  84  8:55  Probe  
  85  8:56  Stalker  
  85  9:00  Probe  
  88  9:04  Stalker  
  88  9:05  Probe  
  88  9:07  Probe  
  92  9:12  Probe  
  93  9:17  Probe  
  98  9:24  Immortal, Probe  
  98  9:26  Stalker  
  101  9:52  Stargate  
  101  10:18  Stargate  
  101  10:43  Pylon  
  101  10:46  Pylon  
  101  10:50  Pylon  
  101  10:53  Pylon  
  101  11:01  Stalker x2  
  101  11:02  Probe x3, Nexus  
  108  11:04  Immortal  
  112  11:14  Probe x3  
  115  11:26  Probe x3  
  115  11:31  Stalker x2  
  122  11:38  Probe x3  
  125  11:50  Probe x3  
  128  12:01  Stalker  
  128  12:02  Probe x3  
  133  12:14  Probe x3  
  136  12:17  Photon Cannon  
  136  12:23  Photon Cannon  
  136  12:26  Photon Cannon, Probe x2  
  138  12:30  Photon Cannon  
  138  12:31  Stalker  
  140  12:38  Probe  
  140  12:42  Void Ray  
  145  13:01  Stalker  
  147  13:21  Assimilator  
  147  13:27  Assimilator  
  147  13:30  Probe  
Show
View Real Time Build Order
Export as new Build Order

jason Protoss 

Build Orders: Carriers 

Get SALT Encoding   

  12  0:04  Probe  
  13  0:16  Probe  
  14  0:25  Pylon  
  14  0:29  Probe  
  15  0:38  Pylon  
  15  0:43  Probe  
  16  0:52  Probe  
  17  1:00  Probe  
  18  1:09  Probe  
  19  1:21  Probe  
  20  1:31  Nexus  
  20  1:33  Probe  
  20  1:37  Pylon  
  21  1:43  Pylon  
  21  1:45  Probe  
  22  1:54  Assimilator  
  22  1:56  Probe  
  23  2:01  Assimilator  
  23  2:04  Probe  
  23  2:12  Probe  
  24  2:18  Gateway  
  25  2:24  Probe  
  25  2:26  Forge  
  26  2:33  Probe  
  27  2:41  Probe  
  27  2:50  Probe  
  28  2:52  Probe  
  30  3:00  Probe  
  30  3:02  Probe  
  32  3:09  Probe  
  32  3:10  Probe  
  33  3:18  Probe  
  34  3:24  Assimilator  
  35  3:28  Assimilator  
  35  3:29  Probe  
  35  3:30  Probe  
  37  3:41  Probe  
  38  3:42  Probe  
  39  3:49  Cybernetics Core  
  39  3:53  Probe  
  40  3:58  Nexus  
  40  4:00  Probe  
  41  4:12  Probe  
  41  4:15  Photon Cannon  
  42  4:24  Probe  
  42  4:28  Pylon  
  42  4:51  Probe  
  36  4:59  Probe  
  37  5:04  Pylon  
  38  5:07  Pylon  
  38  5:08  Probe  
  38  5:11  Pylon  
  40  5:14  Probe  
  40  5:18  Pylon  
  40  5:20  Probe  
  41  5:21  Pylon  
  41  5:25  Pylon  
  41  5:26  Probe  
  42  5:33  Probe  
  42  5:34  Probe  
  43  5:42  Probe  
  44  5:45  Probe  
  46  5:50  Photon Cannon  
  46  5:52  Photon Cannon, Probe  
  46  5:54  Photon Cannon  
  46  5:56  Probe  
  48  5:57  Photon Cannon  
  48  6:01  Assimilator  
  48  6:03  Photon Cannon  
  48  6:04  Probe x2  
  48  6:06  Assimilator  
  50  6:12  Probe  
  50  6:16  Probe  
  51  6:23  Probe  
  52  6:28  Probe  
  53  6:35  Probe  
  53  6:37  Stargate x2  
  54  6:41  Probe, Stargate  
  54  6:42  Stargate  
  54  6:45  Pylon x2  
  55  6:58  Stargate  
  55  7:01  Stargate  
  55  7:05  Photon Cannon  
  55  7:07  Photon Cannon  
  55  7:08  Photon Cannon  
  55  7:09  Photon Cannon  
  55  7:20  Nexus  
  55  7:24  Assimilator  
  55  7:28  Assimilator  
  55  7:34  Fleet Beacon  
  55  7:39  Twilight Council  
  55  7:41  Protoss Shields Level 1  
  55  7:42  Robotics Facility  
  55  7:46  Probe x2  
  57  7:54  Probe  
  57  7:57  Protoss Air Weapons Level 1  
  57  7:59  Probe  
  57  8:04  Probe  
  59  8:11  Probe  
  61  8:16  Probe  
  61  8:17  Stargate  
  61  8:19  Stargate  
  62  8:21  Stargate  
  62  8:23  Probe  
  63  8:27  Pylon  
  63  8:28  Probe  
  63  8:30  Pylon  
  63  8:32  Pylon  
  64  8:35  Probe  
  64  8:37  Pylon  
  65  8:42  Probe  
  65  8:45  Pylon  
  65  8:47  Probe  
  67  8:50  Probe x2  
  67  8:52  Pylon  
  67  8:55  Pylon  
  69  8:57  Probe  
  69  8:58  Probe  
  69  9:00  Probe  
  71  9:05  Probe  
  71  9:07  Probe  
  73  9:12  Probe  
  73  9:13  Probe  
  75  9:19  Probe  
  77  9:24  Probe  
  77  9:25  Probe  
  77  9:30  Carrier x3  
  77  9:31  Mothership, Carrier, Probe  
  103  9:34  Carrier  
  103  9:37  Probe  
  119  9:39  Unknown  
  119  9:44  Probe  
  120  9:50  Probe  
  121  9:56  Probe  
  122  10:02  Carrier x2, Probe  
  122  10:03  Nexus  
  122  10:06  Protoss Air Armor Level 1  
  135  10:19  Assimilator  
  135  10:23  Assimilator  
  135  10:31  Pylon  
  135  10:34  Pylon  
  135  10:36  Anion Pulse-Crystals  
  135  10:37  Pylon  
  135  10:43  Pylon  
  135  10:45  Probe  
  136  10:53  Probe  
  136  10:59  Nexus  
  136  11:00  Assimilator, Carrier x4  
  136  11:03  Probe  
  161  11:04  Carrier  
  161  11:05  Assimilator  
  168  11:15  Probe  
  169  11:18  Protoss Shields Level 2  
  169  11:21  Probe  
  170  11:26  Carrier  
  170  11:27  Carrier, Probe  
  170  11:32  Carrier  
  189  11:33  Probe  
  190  11:46  Probe  
  191  11:58  Probe  
  192  12:10  Probe  
  192  12:11  Probe  
  194  12:18  Probe  
  195  12:23  Probe  
  195  12:26  Probe  
  196  12:35  Probe  
  196  12:36  Probe  
  199  12:47  Probe  
  174  14:17  Nexus  
Tags
 
Add a new tag
Caveats
  • Supply blocks, unpowered buildings, or Contaminate may cause inaccurate times.
  • Supply counts are checked every 10 seconds.